Map: Distant Plane

Players

Duckling - Winner!

  • Race: Terran Terran
  • League: Gold
  • Spawn Location: 7:00

Thor - Winner!

  • Race: Zerg Zerg
  • Spawn Location: 7:00

Musumeci

  • Race: Zerg Zerg
  • League: Diamond
  • Spawn Location: 11:00

MichyMoko

  • Race: Zerg Zerg
  • Spawn Location: 11:00

VOD

Have the link to the VOD?

Description

Time

  • Played on: Feb. 2, 2017, 3:39 p.m.
  • Length: 20:48
Show
View Real Time Build Order
Export as new Build Order

Duckling Terran - Winner!

Build Orders:  

Get SALT Encoding   

  12  0:01  SCV  
  13  0:13  SCV  
  14  0:25  SCV  
  14  0:27  Supply Depot  
  15  0:46  Refinery  
  15  0:48  SCV  
  16  0:50  Barracks  
  16  1:00  SCV  
  17  1:07  Supply Depot  
  17  1:13  SCV  
  18  1:28  SCV  
  18  1:29  Barracks  
  19  1:38  Marine  
  20  1:44  Orbital Command  
  20  1:54  Factory  
  20  2:06  Marine  
  21  2:31  SCV  
  21  2:32  Marine  
  21  2:33  Barracks Tech Lab  
  23  2:38  Supply Depot  
  22  2:50  SCV, Factory Tech Lab  
  23  2:54  Marine  
  23  2:55  Marine  
  25  2:59  Command Center  
  25  3:02  Combat Shields  
  25  3:12  Marine  
  25  3:13  Marine  
  25  3:17  Refinery  
  27  3:31  Siege Tank  
  30  3:35  Marine x2  
  32  3:52  Marine  
  33  4:08  Siege Tank  
  36  4:19  SCV  
  36  4:22  Barracks Reactor  
  36  4:23  Supply Depot  
  37  4:26  Engineering Bay  
  37  4:29  Marine, Command Center  
  38  4:31  SCV  
  39  4:43  SCV  
  34  5:09  Marine x2  
  34  5:10  SCV, Marine  
  34  5:12  Orbital Command  
  34  5:17  Siege Tank  
  35  5:22  SCV  
  35  5:27  Marine x2  
  35  5:34  SCV  
  29  6:03  Marine x2  
  29  6:04  Marine  
  29  6:20  SCV  
  29  6:21  Marine x3  
  33  6:26  Barracks  
  33  6:28  Barracks  
  33  6:30  Terran Infantry Weapons Level 1  
  33  6:32  Barracks  
  33  6:34  Engineering Bay  
  33  6:39  Marine  
  33  6:51  Siege Tank  
  36  7:00  Supply Depot  
  36  7:08  Marine  
  37  7:24  SCV  
  38  7:33  Supply Depot  
  38  7:40  Supply Depot  
  38  7:47  Orbital Command  
  38  7:54  SCV  
  39  8:05  Supply Depot  
  39  8:06  SCV, Marine x2  
  39  8:08  Barracks Reactor, Stimpack, Barracks Tech Lab  
  39  8:10  Barracks Reactor  
  42  8:18  SCV  
  42  8:19  SCV  
  44  8:22  Terran Infantry Armor Level 1  
  44  8:24  Starport  
  44  8:29  Armory  
  44  8:31  SCV x2  
  46  8:43  SCV, Marine  
  46  8:46  Marine  
  46  8:47  Marine  
  50  8:53  Missile Turret  
  50  8:57  Missile Turret  
  50  9:28  Supply Depot  
  50  9:31  Missile Turret, Supply Depot  
  50  9:32  SCV x2  
  50  9:33  Marine  
  50  9:34  Marine  
  54  9:44  SCV x2  
  54  9:45  Hi-Sec Auto Tracking  
  56  9:51  Supply Depot  
  56  10:00  Refinery  
  56  10:01  Refinery  
  56  10:02  Missile Turret  
  56  10:11  Command Center  
  56  10:16  Terran Infantry Weapons Level 2  
  56  10:24  Missile Turret  
  56  10:26  Marine x2  
  58  10:30  SCV x2, Missile Turret  
  58  10:35  Marine x3  
  61  10:36  Marauder  
  65  10:56  Siege Tank  
  68  10:59  Starport Reactor  
  67  11:17  Marine  
  67  11:18  Marine x5  
  69  11:19  Marauder, Marine  
  69  11:20  SCV x2  
  77  11:35  Marine x2  
  77  11:36  Marine  
  77  11:38  SCV  
  77  11:39  SCV  
  82  11:40  Marine x2  
  82  11:41  Marine x3  
  87  11:48  Medivac x2  
  87  11:51  SCV  
  87  11:53  Marine  
  93  12:04  Marine x4  
  93  12:05  Marine x3  
  93  12:06  SCV  
  101  12:11  Marine  
  101  12:14  SCV  
  103  12:18  SCV, Medivac  
  103  12:22  Marine  
  106  12:23  Marauder  
  106  12:26  SCV  
  109  12:40  Planetary Fortress  
  109  12:52  Marauder, Marine x6  
  109  12:53  Marauder  
  117  13:01  Medivac x2  
  114  13:09  Marine x2  
  116  13:13  Marauder  
  116  13:14  Marine  
  116  13:15  Marauder, Marine x3  
  109  13:27  Marine x2  
  109  13:32  Marine  
  109  13:33  SCV  
  110  13:35  Marauder  
  110  13:37  Marauder, Marine x3  
  117  13:45  SCV, Marine x2  
  120  13:49  SCV  
  120  13:53  Missile Turret  
  120  13:55  Marine x2  
  123  13:56  Marauder  
  123  13:57  SCV  
  97  14:31  Missile Turret  
  97  14:32  Marine x4  
  97  14:33  Marine x4  
  97  14:34  Missile Turret  
  105  14:49  SCV  
  106  14:53  Marine x3  
  106  14:54  Marauder  
  111  15:04  SCV  
  111  15:05  SCV  
  113  15:09  Refinery  
  113  15:10  Refinery  
  113  15:16  Terran Infantry Weapons Level 3  
  113  15:17  Marine  
  113  15:18  Marine  
  115  15:40  Marine x2  
  115  15:41  Marauder x2, Marine  
  115  15:42  Medivac x2  
  126  15:44  Command Center  
  126  15:47  Marine x2  
  128  16:01  Marine x2  
  128  16:02  Marauder  
  132  16:05  Terran Infantry Armor Level 2  
  132  16:10  Supply Depot  
  132  16:11  Supply Depot  
  132  16:27  SCV  
  132  16:31  SCV  
  132  16:32  Marauder  
  136  16:34  Marine x2  
  136  16:35  Marauder, Marine x4  
  145  16:40  SCV  
  145  16:44  SCV  
  146  16:47  Supply Depot  
  146  16:48  Supply Depot  
  146  16:52  SCV, Marine x2  
  149  16:55  Marine x3, Medivac x2  
  149  16:56  Marauder x2  
  99  17:39  Marauder, Marine x3  
  99  17:40  Marauder, Marine  
  98  18:09  Marauder, Marine x6  
  98  18:10  Marauder, Medivac x2  
  110  18:26  Barracks, Marine  
  110  18:27  Marine x5  
  111  18:30  Barracks  
  111  18:31  Marauder, Marine  
  111  18:33  Orbital Command  
  119  18:36  SCV x2  
  119  18:40  Medivac x2  
  123  18:44  Marine x2  
  125  18:57  SCV  
  126  19:06  Marine x2  
  126  19:07  Marauder  
  126  19:09  Marauder, Marine x4  
  136  19:10  Medivac x2  
  140  19:24  Marine x2  
  140  19:26  Marine  
  140  19:27  Marine x2  
  140  19:28  Marauder  
  130  19:40  Medivac x2  
  130  19:44  Marauder, Marine x3  
  125  19:50  Marauder  
  125  19:51  Marine x3  
  130  20:02  Marine x3  
  130  20:05  Marine  
  131  20:09  Marine x3  
  131  20:10  Marine, Medivac x2  
  130  20:19  Marine  
  130  20:20  Marine x2  
  133  20:23  Marauder  
  133  20:26  Marine  
  133  20:27  Marine x2  
Show
View Real Time Build Order
Export as new Build Order

Thor Zerg - Winner!

Build Orders: Pool First 

Get SALT Encoding   

  12  0:01  Drone  
  13  0:18  Drone  
  14  0:22  Overlord  
  14  0:35  Drone, Extractor  
  13  0:42  Drone x2  
  17  0:59  Spawning Pool  
  16  1:04  Extractor  
  16  1:18  Drone x3  
  18  1:35  Evolution Chamber  
  17  1:45  Hatchery  
  17  1:46  Queen  
  18  1:53  Drone  
  18  1:54  Drone x2  
  21  2:09  Roach Warren  
  21  2:13  Drone  
  21  2:49  Overlord x2  
  21  2:53  Hatchery  
  20  3:16  Roach  
  20  3:17  Roach x4  
  30  3:30  Roach x2  
  30  3:31  Roach x2  
  38  3:39  Roach  
  40  3:43  Overlord  
  40  3:52  Overlord  
  40  3:58  Roach  
  40  3:59  Roach  
  44  4:25  Drone x3  
  44  4:30  Hatchery  
  46  4:34  Drone x2  
  40  5:09  Drone  
  40  5:10  Drone x5  
  38  5:19  Lair, Extractor  
  29  5:23  Extractor  
  29  5:25  Extractor  
  27  5:28  Drone  
  27  5:29  Drone  
  29  5:41  Roach  
  29  5:42  Roach  
  33  5:48  Roach x3  
  33  6:15  Roach  
  33  6:16  Roach x4  
  39  6:33  Drone  
  39  6:34  Drone  
  41  6:44  Spire  
  40  7:13  Drone  
  40  7:14  Drone x8  
  49  7:39  Hatchery  
  48  7:45  Extractor  
  48  7:50  Drone  
  48  7:51  Drone x2  
  50  7:59  Zerg Flyer Weapons Level 1  
  50  8:04  Overlord  
  50  8:10  Drone x3  
  53  8:31  Overlord x2  
  53  8:43  Mutalisk x3  
  55  8:57  Mutalisk  
  53  9:06  Mutalisk  
  53  9:31  Mutalisk x2  
  57  9:39  Spore Crawler  
  56  9:54  Mutalisk x3  
  62  10:04  Mutalisk  
  64  10:15  Mutalisk  
  64  10:16  Spore Crawler  
  64  10:18  Mutalisk  
  67  10:31  Mutalisk x2  
  71  11:11  Mutalisk  
  71  11:12  Mutalisk x4  
  81  11:30  Mutalisk  
  81  11:31  Mutalisk  
  83  11:58  Mutalisk x3  
  89  12:40  Overlord x4  
  85  13:33  Mutalisk  
  85  13:34  Mutalisk x8  
  103  13:47  Mutalisk  
  103  13:48  Mutalisk x2  
  91  14:16  Mutalisk x3  
  79  15:10  Mutalisk x5  
  79  15:12  Zergling x4  
  89  16:05  Hatchery  
  88  16:16  Metabolic Boost  
  88  16:19  Zergling x6  
  91  16:34  Zergling x2  
  91  16:35  Zergling x6  
  95  16:57  Zergling x2  
  95  16:58  Zergling x6  
  99  17:09  Baneling Nest  
  99  17:13  Drone  
  99  17:16  Drone  
  100  17:33  Drone x4  
  98  17:58  Zergling x2  
  98  17:59  Zergling x14  
  106  18:12  Zergling x2  
  107  18:13  Zergling x12  
  111  18:28  Centrifical Hooks  
  111  18:30  Zergling x2  
  111  18:31  Zergling x8  
  114  18:52  Drone x2  
  114  18:53  Drone x3  
  119  18:58  Hatchery  
  118  19:50  Baneling  
  118  19:51  Baneling x23  
  118  19:52  Baneling x28  
  116  19:53  Baneling x4  
  116  20:07  Zergling x8  
  116  20:08  Zergling x6  
Show
View Real Time Build Order
Export as new Build Order

Musumeci Zerg 

Build Orders: Pool First 

Get SALT Encoding   

  12  0:05  Drone  
  13  0:13  Drone  
  14  0:26  Spawning Pool  
  13  0:29  Drone  
  14  1:00  Overlord  
  14  1:05  Hatchery  
  13  1:13  Zergling x2  
  14  1:19  Zergling x4  
  16  1:27  Zergling x2  
  17  1:42  Zergling x2  
  17  1:46  Queen  
  20  2:07  Zergling x4  
  22  2:17  Drone, Extractor  
  22  2:18  Drone  
  22  2:19  Drone  
  23  2:45  Drone x4  
  26  3:13  Drone  
  26  3:14  Overlord x2  
  27  3:21  Metabolic Boost  
  27  3:32  Queen  
  29  3:35  Drone x2  
  29  3:36  Drone x4  
  35  3:42  Drone x4  
  35  3:46  Overlord  
  38  4:09  Overlord x2  
  38  4:15  Spine Crawler  
  38  4:16  Spine Crawler  
  36  4:17  Spine Crawler  
  36  4:19  Zergling x2  
  36  4:20  Zergling x10  
  41  4:27  Spine Crawler  
  40  4:32  Spine Crawler  
  39  4:38  Overlord  
  39  4:39  Overlord  
  37  4:51  Zergling x2  
  37  4:52  Zergling x8  
  31  5:09  Zergling x2  
  31  5:10  Zergling x8  
  35  5:15  Drone  
  36  5:28  Zergling x4  
  37  5:35  Queen  
  37  5:52  Zergling x12  
  37  5:53  Zergling x2  
  39  6:23  Lair  
  39  6:26  Drone x8  
  39  6:27  Extractor  
  46  6:39  Roach Warren  
  45  6:42  Evolution Chamber  
  45  6:44  Evolution Chamber  
  41  7:26  Glial Reconstitution  
  41  7:27  Zerg Missile Weapons Level 1  
  41  7:28  Zerg Ground Armor Level 1  
  41  7:29  Roach x9  
  58  7:37  Drone  
  58  7:38  Drone x3  
  58  7:39  Extractor  
  58  7:41  Extractor  
  58  7:43  Overlord  
  60  7:44  Overlord  
  60  8:00  Overlord  
  60  8:06  Drone x5  
  60  8:08  Drone x3  
  68  8:38  Roach x7  
  68  8:39  Roach x3  
  88  8:50  Spore Crawler  
  88  8:52  Spore Crawler  
  88  8:53  Spore Crawler  
  85  8:57  Spore Crawler x2  
  85  8:58  Spore Crawler  
  85  8:59  Spore Crawler  
  81  9:14  Drone x4  
  85  9:20  Spore Crawler  
  85  9:22  Spore Crawler  
  75  9:25  Ravager x3  
  75  9:26  Ravager x7  
  85  9:39  Zerg Missile Weapons Level 2  
  85  9:46  Zergling x12  
  85  9:47  Zergling x2  
  85  9:49  Overlord  
  92  10:07  Hatchery  
  91  10:57  Ravager x5  
  93  10:58  Roach x2  
  93  10:59  Overlord x5  
  100  11:05  Overlord x4  
  99  11:33  Drone  
  99  11:34  Drone x11  
  105  11:43  Ravager x2  
  98  12:42  Roach x10  
  114  13:07  Queen  
  108  13:17  Roach x4  
  108  13:18  Roach x7  
  97  13:28  Spore Crawler  
  97  13:29  Spore Crawler  
  97  13:31  Spore Crawler  
  88  13:35  Ravager x8  
  88  13:36  Ravager  
  97  13:43  Drone x6  
  97  13:46  Queen  
  97  13:47  Extractor  
  104  13:48  Extractor  
  93  14:24  Roach x10  
  93  14:25  Roach x2  
  115  14:32  Spore Crawler  
  115  14:33  Spore Crawler x2  
  115  14:34  Spore Crawler  
  115  14:38  Spore Crawler x3  
  98  14:52  Hydralisk Den  
  74  15:01  Drone x13  
  87  15:20  Hydralisk x6  
  87  15:21  Hydralisk x3  
  99  15:26  Queen  
  106  16:03  Hydralisk x6  
  118  16:10  Muscular Augments  
  118  16:42  Hatchery, Extractor  
  118  16:44  Ravager x9  
  125  16:52  Hatchery  
  95  17:23  Roach x11  
  115  17:36  Roach x17  
  102  17:54  Roach x4  
  110  18:04  Ravager x3  
  106  18:31  Drone x2  
  106  18:32  Drone x5, Extractor  
  112  18:37  Ravager x3  
  115  18:53  Spore Crawler x2  
  115  18:54  Spore Crawler  
  115  18:55  Spore Crawler x2  
  110  18:58  Spine Crawler  
  110  18:59  Spine Crawler  
  110  19:00  Drone x9  
  110  19:01  Drone x2  
  110  19:02  Spine Crawler  
  118  19:03  Ravager x4  
  122  19:18  Zergling x4  
  91  19:44  Roach x6  
  91  19:45  Roach x2  
  68  19:59  Extractor x2  
  64  20:07  Roach x5  
  55  20:23  Ravager x4  
  43  20:30  Ravager x2  
  43  20:31  Ravager  
Show
View Real Time Build Order
Export as new Build Order

MichyMoko Zerg 

Build Orders: Hatch First 

Get SALT Encoding   

  12  0:02  Drone  
  13  0:13  Overlord  
  13  0:20  Drone  
  14  0:46  Hatchery  
  14  0:50  Drone  
  14  1:04  Spawning Pool  
  14  1:08  Drone  
  14  1:13  Extractor  
  14  1:15  Drone  
  14  1:26  Drone  
  14  1:27  Drone  
  16  1:37  Drone  
  17  1:49  Drone  
  17  1:51  Queen  
  20  1:55  Overlord  
  20  2:06  Queen  
  22  2:12  Zergling x2  
  23  2:16  Drone  
  23  2:18  Zergling x2  
  23  2:21  Drone  
  26  2:32  Drone  
  26  2:33  Drone x2  
  29  2:41  Drone  
  29  2:42  Drone  
  31  2:52  Metabolic Boost  
  31  3:16  Drone x4  
  31  3:17  Drone  
  31  3:19  Overlord  
  36  3:20  Overlord  
  36  3:25  Drone, Roach Warren  
  36  3:41  Drone x5  
  37  3:48  Extractor  
  40  3:51  Queen  
  42  3:56  Overlord x2  
  42  4:02  Drone, Evolution Chamber  
  42  4:03  Drone  
  41  4:17  Roach  
  41  4:18  Roach x5  
  41  4:22  Drone  
  54  4:32  Lair  
  54  4:38  Roach  
  54  4:39  Roach x3  
  64  4:45  Roach  
  64  4:46  Roach  
  64  5:00  Roach  
  64  5:08  Roach  
  64  5:10  Zergling x4  
  64  5:11  Zergling x6  
  63  5:28  Zergling x10  
  68  5:35  Extractor  
  68  5:36  Drone, Extractor  
  68  5:37  Drone  
  68  5:45  Glial Reconstitution  
  68  6:00  Overlord x3  
  63  6:35  Spire  
  62  6:48  Zerg Ground Armor Level 1  
  62  7:32  Zergling x6  
  62  7:36  Drone x2  
  62  7:37  Drone x3  
  70  7:45  Queen  
  70  7:49  Mutalisk x4  
  70  7:50  Mutalisk  
  82  8:04  Mutalisk  
  84  8:06  Hatchery  
  83  8:55  Overlord x4  
  81  9:17  Spore Crawler  
  81  9:22  Spore Crawler  
  79  9:25  Zerg Flyer Armor Level 1, Corruptor x3  
  79  9:26  Corruptor  
  79  9:27  Mutalisk x4  
  95  9:36  Mutalisk  
  97  9:47  Zerg Missile Weapons Level 1  
  93  10:21  Mutalisk x3  
  93  11:00  Mutalisk x3  
  93  11:02  Zergling x6  
  93  11:03  Zergling x12  
  104  11:28  Corruptor x5  
  113  11:43  Corruptor x4  
  121  11:47  Extractor  
  121  11:50  Extractor  
  104  13:23  Mutalisk  
  104  13:24  Mutalisk x7  
  104  13:25  Mutalisk x2  
  112  13:27  Overlord  
  112  13:28  Overlord x2  
  102  13:35  Mutalisk  
  102  13:36  Mutalisk x5  
  114  13:53  Infestation Pit  
  73  14:19  Mutalisk x4  
  73  14:20  Mutalisk x2  
  67  14:34  Corruptor  
  67  14:38  Spore Crawler  
  60  14:39  Corruptor x2  
  64  14:51  Mutalisk  
  66  14:59  Spore Crawler  
  61  15:13  Spore Crawler  
  60  15:15  Corruptor x2  
  60  15:16  Corruptor  
  66  15:23  Queen  
  66  15:26  Queen  
  70  15:28  Queen  
  70  15:35  Zerg Flyer Weapons Level 1  
  72  15:39  Zergling x2  
  72  15:40  Zergling x14  
  72  15:41  Overlord x5  
  72  15:42  Mutalisk  
  80  15:43  Mutalisk  
  84  16:03  Corruptor x3  
  90  16:13  Corruptor  
  86  16:47  Mutalisk x5  
  96  17:05  Hatchery  
  69  17:21  Roach  
  69  17:22  Roach x2, Zergling x2  
  76  17:23  Zergling x18  
  76  17:24  Zergling x24  
  76  17:25  Zergling x10  
  102  17:43  Roach  
  102  17:44  Roach x3  
  109  17:50  Corruptor  
  106  17:51  Corruptor x4  
  106  17:52  Corruptor x2  
  108  18:16  Corruptor  
  107  19:05  Mutalisk x2  
  111  19:22  Hatchery  
  71  20:07  Roach x6  
  71  20:08  Roach x4  
  82  20:37  Extractor  
  82  20:38  Extractor  
Tags
 
Add a new tag
Caveats
  • Supply blocks, unpowered buildings, or Contaminate may cause inaccurate times.
  • Supply counts are checked every 10 seconds.